 Dungeon Crawl Stone Soup version 0.29-a0-330-g52719c12eb (webtiles) character file.

Game seed: 15895055512934914441

844 zishaf the Reanimator (level 7, -3/62 HPs)
             Began as a Deep Dwarf Necromancer on Apr 12, 2022.
             Slain by an orc warrior
             ... wielding a +0 dire flail
              (16 damage)
             ... on level 5 of the Dungeon.
             The game lasted 00:15:23 (6119 turns).

zishaf the Reanimator (Deep Dwarf Necromancer)      Turns: 6119, Time: 00:15:25

Health: -3/62      AC:  4    Str: 12    XL:     7   Next: 68%
Magic:  1/11       EV: 12    Int: 19    God:
Gold:   294        SH:  0    Dex: 13    Spells: 8/12 levels left

rFire   + . .      SeeInvis .   a - +2 whip (venom)
rCold   . . .      Faith    .   (no shield)
rNeg    . . .      Spirit   .   d - +0 robe
rPois   .          Reflect  .   u - +0 helmet of Dithmenos's Grace {Will+ Int+2}
rElec   .          Harm     .   (no cloak)
rCorr   .          Rampage  .   i - +0 pair of gloves
Will    ++...                   (no boots)
Stlth   ++........              f - amulet of the acrobat
HPRegen 0.00/turn               k - ring of protection from fire
MPRegen 0.12/turn               (no ring)

@: no status effects
A: damage resistance, heal wounds, sense surroundings 1, no regeneration
a: Heal Wounds


You were on level 5 of the Dungeon.
You visited 2 branches of the dungeon, and saw 6 of its levels.
You also visited: Sewer.

You collected 294 gold pieces.

Inventory:

Hand Weapons
 a - a +2 whip of venom (weapon)
 b - a +0 hunting sling
 r - a +0 dagger
Missiles
 j - 2 throwing nets
 n - 4 silver javelins
Armour
 d - a +0 robe (worn)
 i - a +0 pair of gloves (worn)
 u - the +0 helmet of Dithmenos's Grace (worn) {Will+ Int+2}
   (You took it off Robin on level 3 of the Dungeon)

   Int:       It affects your intelligence (+2).
   Will:      It increases your willpower.
Jewellery
 f - an amulet of the acrobat (around neck)
 k - a ring of protection from fire (left hand)
Wands
 o - a wand of charming (2)
 w - a wand of flame (13)
Scrolls
 c - 2 scrolls of enchant weapon {unknown}
 e - a scroll of vulnerability {unknown}
 h - 3 scrolls of magic mapping
 p - a scroll of amnesia {unknown}
 t - 5 scrolls of teleportation
 x - a scroll of summoning {unknown}
 y - a scroll of identify
Potions
 g - 4 potions of brilliance
 l - 2 potions of berserk rage
 m - a potion of magic
 q - 2 potions of mutation
 s - a potion of resistance {unknown}
 v - 5 potions of curing {unknown}
 z - 2 potions of flight {unknown}
 A - 3 potions of invisibility {unknown}
 B - a potion of cancellation {unknown}


   Skills:
 - Level 3.0 Fighting
 - Level 2.1 Dodging
 - Level 3.0 Stealth
 - Level 3.0 Spellcasting
 + Level 9.1 Necromancy


You had 8 spell levels left.
You knew the following spells:

 Your Spells              Type           Power      Damage    Failure   Level
a - Pain                  Necr           100%       1d9       1%          1
b - Vampiric Draining     Necr           37%        2d8       1%          3

Your spell library contained the following spells:

 Spells                   Type           Power      Damage    Failure   Level
 Animate Skeleton         Necr           74%        N/A       1%          1
 Animate Dead             Necr           18%        N/A       3%          4
 Agony                    Necr           37%        N/A       10%         5
 Apportation              Tloc           4%         N/A       16%         1
 Freeze                   Ice            8%         1d3       16%         1
 Summon Small Mammal      Summ           8%         N/A       16%         1
 Frozen Ramparts          Ice            4%         1d2       41%         3
 Hailstorm                Conj/Ice       2%         3d3       83%         4
 Alistair's Intoxication  Tmut/Pois      1%         N/A       99%         5


Dungeon Overview and Level Annotations

Branches:
Dungeon (5/15)             Temple (1/1) D:5           Sewer (visited)

Altars:
Cheibriados
Dithmenos
Elyvilon
Hepliaklqana
Kikubaaqudgha
Nemelex Xobeh
Okawaru
Trog
Uskayaw
Vehumet
Wu Jian
Xom

Shops:
D:1 (


Innate Abilities, Weirdness & Mutations

You are resistant to damage.
You can heal yourself by infusing magical energy.
You passively map a small area around you.
You do not regenerate.


Message History

Deactivating autopickup; reactivate with Ctrl-A.
You hit the orc.
The orc is poisoned.
The orc is moderately wounded.
You swing at nothing.
You swing at nothing.
You kill the orc!
You hit the orc warrior.
The orc warrior is lightly wounded.
The orc warrior hits you with a +0 dire flail!
You hit the orc warrior but do no damage.
The orc warrior is lightly wounded.
The orc warrior hits you with a +0 dire flail!
Casting: Vampiric Draining (safe; 1% risk of failure)
Confirm with . or Enter, or press ? or * to list all spells.
Aiming: Vampiric Draining (safe; 1% risk of failure)
Press: ? - help, Shift-Dir - straight line, f/p - orc warrior
Aim: an orc warrior, wielding a +0 dire flail and wearing a +0 plate armour (lightly wounded)
You draw life force from the orc warrior!
You feel life coursing into your body. The orc warrior barely misses you.
Casting: Vampiric Draining (safe; 1% risk of failure)
Confirm with . or Enter, or press ? or * to list all spells.
Aiming: Vampiric Draining (safe; 1% risk of failure)
Press: ? - help, Shift-Dir - straight line, f/p - orc warrior
Aim: an orc warrior, wielding a +0 dire flail and wearing a +0 plate armour (heavily wounded)
You draw life force from the orc warrior.
You feel life coursing into your body.
The orc warrior hits you with a +0 dire flail!
You barely miss the orc warrior.
The orc warrior is severely wounded.
The orc warrior hits you with a +0 dire flail!
You hit the orc warrior but do no damage.
The orc warrior is severely wounded.
The orc warrior hits you with a +0 dire flail!
* * * LOW HITPOINT WARNING * * *
Aiming: Charm
Press: ? - help, Shift-Dir - straight line, f/p - orc warrior
Aim: an orc warrior, wielding a +0 dire flail and wearing a +0 plate armour (severely wounded, chance to affect: 49%)
The orc warrior resists with some effort.
The orc warrior hits you with a +0 dire flail!!
You die...

###.... ..##..#. ,,
.......,....... .... ,
###.#.# #.##..##....#* #
#.#.# #.##..#..,... , , #
#.#.# #.##..#.. ..# * ,
###.#.###.##..#.# #.# * ,
..............#.# #.#
###.#.#....#..#.###o#########
#.#.#....#....@o)o.....o.<#
#.#.#....#.##.###o#########*
, #.#.#....#.##.# #?# ,
#.#.#....#.##.# #†# *
#.#.###.##.##.# #.#
#.#.#*#.##)##.###.# * ** ,,
.........#o###### ,
,.........oo....... .,, ,,
#.##.#.#.####### *


You could see an orc warrior, an orc wizard and 2 orcs.

Vanquished Creatures
  Edmund (D:4)
  A sky beast (D:5)
  A phantom (D:3)
  2 bullfrogs (Sewer)
  A hound (D:5)
  An orc priest (D:5)
  2 jellies (D:5)
  Robin (D:3)
  4 gnolls (D:3)
  7 adders
  5 river rats (Sewer)
  A white imp (D:4)
  An ufetubus (D:5)
  3 worms
  A dart slug (D:4)
  9 orcs
  20 ball pythons
  7 endoplasms
  2 giant cockroaches (D:3)
  15 goblins
  7 hobgoblins
  4 jackals (D:5)
  4 kobolds
  2 quokkas
  6 bats
  2 frilled lizards
  27 rats
137 creatures vanquished.

Vanquished Creatures (collateral kills)
  An adder (D:4)
1 creature vanquished.

Grand Total: 138 creatures vanquished

Notes
Turn   | Place    | Note
-------+----------+-------------------------------------------
     0 | D:1      | zishaf the Deep Dwarf Necromancer began the quest for the
                  | Orb.
     0 | D:1      | Reached XP level 1. HP: 15/15 MP: 3/3
   255 | D:1      | Found Vobotheo's Weapon Shop.
   450 | D:1      | Reached XP level 2. HP: 24/24 MP: 1/4
   931 | D:1      | Reached skill level 5 in Necromancy
  1213 | D:1      | Reached skill level 1 in Fighting
  1663 | D:2      | Reached XP level 3. HP: 31/31 MP: 3/6
  1670 | D:2      | Learned a level 3 spell: Vampiric Draining
  2320 | D:3      | Found a faded altar of an unknown god.
  2613 | D:3      | Reached XP level 4. HP: 29/38 MP: 1/7
  3094 | D:3      | Noticed a phantom
  3132 | D:3      | Killed a phantom
  3133 | D:3      | Reached skill level 6 in Necromancy
  3133 | D:3      | Reached XP level 5. HP: 16/45 MP: 3/8
  3135 | D:3      | Identified the +0 helmet of Dithmenos's Grace {Will+ Int+2}
  3135 | D:3      | Noticed Robin
  3180 | D:3      | Killed Robin
  3861 | D:4      | Noticed Edmund
  3887 | D:4      | Found a glowing drain.
  3896 | Sewer    | Entered a sewer
  4133 | Sewer    | Reached XP level 6. HP: 53/55 MP: 9/9
  4495 | Sewer    | Reached skill level 7 in Necromancy
  4642 | D:4      | Killed Edmund
  4643 | D:4      | Reached XP level 7. HP: 36/62 MP: 1/11
  4744 | D:4      | Reached skill level 8 in Necromancy
  5214 | D:4      | Found a shimmering altar of Xom.
  5228 | D:4      | Found a radiant altar of Vehumet.
  5452 | D:5      | Entered Level 5 of the Dungeon
  5640 | D:5      | Found a white marble altar of Elyvilon.
  5826 | D:5      | Found a staircase to the Ecumenical Temple.
  5838 | Temple   | Entered the Ecumenical Temple
  6039 | D:5      | Reached skill level 9 in Necromancy
  6119 | D:5      | Slain by an orc warrior

Illustrated notes

Levels and vault maps discovered:
D:1:      dpeg_arrival_water_fire, layout_basic, serial_shops, shop
D:2:      layout_basic
D:3:      layout_loops_corners, hellmonk_ecumenical_altar_pennies_from_heaven,
          uniq_robin
D:4:      layout_basic, mainiacjoe_overflow_big_doors, portal_sewer_entry_d,
          uniq_edmund
D:5:      layout_basic, nicolae_elyvilon_peaceful_grove,
          nicolae_overflow_crystal_walls, minmay_temple_entry_junction
Temple:   nicolae_temple_figure_zero

Skill      XL: |  1  2  3  4  5  6  7 |
---------------+----------------------+-----
Spellcasting   | 2 3 |  3.0
Necromancy     | 5 6 7 9 |  9.1
Fighting       | 1 2 3 |  3.0
Stealth        | 3 |  3.0
Dodging        | |  2.1

Action                   |  1- 3 |  4- 6 |  7- 9 || total
-------------------------+-------+-------+-------++-------
Melee: Unarmed           |     1 |    20 |       ||    21
       Dagger            |     1 |       |       ||     1
       Whip              |     6 |   149 |    49 ||   204
       Punch             |       |     1 |     1 ||     2
 Cast: Pain              |    67 |     3 |       ||    70
       Vampiric Draining |       |    38 |    21 ||    59
Evoke: Wand              |       |     4 |     1 ||     5
  Use: Scroll            |       |     5 |     2 ||     7
       Potion            |       |     2 |       ||     2
 Stab: Sleeping          |       |     1 |     3 ||     4
Armor: Robe              |     7 |    50 |    16 ||    73
       Skin              |       |    52 |       ||    52
Dodge: Dodged            |    25 |   169 |    45 ||   239

Table legend: (Time is in decaauts)
 A = Elapsed time spent in this place.
 B = Non-inter-level travel time spent in this place.
 C = Inter-level travel time spent in this place.
 D = Time resting spent in this place.
 E = Time spent auto-exploring this place.
 F = Levels seen in this place.
 G = Mean time per level.
                   A        B        C        D        E       F      G
               +--------+--------+--------+--------+--------+-----+--------+
         Total |   6193 |   5982 |    211 |    469 |   4273 |   7 |  884.7 |
       Dungeon |   5254 |   5057 |    197 |    197 |   3990 |   5 | 1050.8 |
        Temple |    179 |    165 |     14 |      0 |    156 |   1 |  179.0 |
         Sewer |    759 |    759 |      0 |    272 |    127 |   1 |  759.0 |
               +--------+--------+--------+--------+--------+-----+--------+

Top non-repeatable levels by time:
     D:3: 1501 daAuts
     D:1: 1408 daAuts
     D:4: 1032 daAuts
     D:2: 898 daAuts
   Sewer: 759 daAuts
     D:5: 413 daAuts
  Temple: 179 daAuts
